 Dungeon Crawl Stone Soup version 0.14-a0-736-g2a71271 (webtiles) character file.

137 Malachi the Insei (level 4, -1/35 HPs)
             Began as a Draconian Transmuter on Nov 7, 2013.
             Slain by a hobgoblin
             ... wielding a -1,+0 orcish club
              (5 damage)
             ... on Level 3 of the Dungeon.
             The game lasted 00:03:53 (2271 turns).

Malachi the Insei (Draconian Transmuter)            Turns: 2271, Time: 00:03:53

HP  -1/35        AC  5     Str 12      XL: 4   Next: 19%
MP   5/6         EV 12     Int 14      God:
Gold 56          SH  0     Dex 12      Spells:  3 memorised,  1 level left

Res.Fire  : . . .   See Invis. : .     - Unarmed
Res.Cold  : . . .   Warding    : .   (armour unavailable)
Life Prot.: . . .   Conserve   : .   (no shield)
Res.Poison: .       Res.Corr.  : .   (helmet restricted)
Res.Elec. : .       Clarity    : .   p - -2 cloak (curse)
Sust.Abil.: . .     Spirit.Shd : .   q - +0 pair of gauntlets
Res.Mut.  : .       Stasis     : .   (boots unavailable)
Res.Rott. : .       Flight     : .   (no amulet)
Saprovore : . . .                    (no ring)
                                     (no ring)

@: appendage (expiring), slightly resistant to hostile enchantments, unstealthy
A: unfitting armour, talons 3, AC +5
a: End Transformation


You were on level 3 of the Dungeon.
You were very hungry.
You had grown temporary talons.
You visited 1 branch of the dungeon, and saw 3 of its levels.

You collected 56 gold pieces.

Inventory:

Missiles
 b - 37 arrows
 i - 3 poisoned darts (quivered)
 m - 11 poisoned needles
 n - 5 tomahawks
 o - a dart
Armour
 p - a cursed -2 cloak (worn)
 q - a +0 pair of gauntlets (worn)
Comestibles
 a - a bread ration
 j - a sausage
 k - a rotting chunk of hobgoblin flesh
 l - an apple
Scrolls
 c - a scroll of enchant weapon I
 e - a scroll of identify
Potions
 f - 2 potions of restore abilities {unknown}
 g - 2 potions of curing
 h - a potion of blood {unknown}
Books
 d - a book of Changes

   Spells                             Type                      Level
   *Beastly Appendage                 Transmutation                1
   *Sticks to Snakes                  Transmutation                2
   *Spider Form                       Transmutation/Poison         3
   Ice Form                           Ice/Transmutation            4
   Blade Hands                        Transmutation                5


   Skills:
 + Level 1.2 Fighting
 + Level 2.5 Dodging
 * Level 4.1 Unarmed Combat
 - Level 2.0 Spellcasting
 * Level 2.6 Transmutations


You had one spell level left.
You knew the following spells:

 Your Spells              Type           Power        Failure   Level  Hunger
a - Beastly Appendage     Trmt           #.....       10%         1    ##.....
b - Sticks to Snakes      Trmt           #.........   14%         2    ###....
c - Spider Form           Trmt/Pois      #.........   47%         3    ####...


Dungeon Overview and Level Annotations

Branches:
Dungeon (3/27)

Altars:
Nemelex Xobeh
the Shining One


Innate Abilities, Weirdness & Mutations

Your plain brown scales are hard (AC +5).*
Your body does not fit into most forms of armour.
Your cold-blooded metabolism reacts poorly to cold.
You have claws for feet.*


Message History

You closely miss the hobgoblin. The hobgoblin completely misses you.
Casting: Beastly Appendage
Confirm with . or Enter, or press ? or * to list all spells.
Your feet morph into talons.
You are too injured to fight recklessly!
You are too injured to fight recklessly!
You are too injured to fight recklessly!
You barely miss the hobgoblin.
The hobgoblin hits you but does no damage.
You hit the hobgoblin but do no damage. Your kick misses the hobgoblin.
The hobgoblin hits you with an orcish club.
* * * LOW HITPOINT WARNING * * *
You closely miss the hobgoblin. Your kick misses the hobgoblin.
The hobgoblin hits you with an orcish club.
* * * LOW HITPOINT WARNING * * *
You barely miss the hobgoblin. You tail-slap the hobgoblin.
The hobgoblin is heavily wounded.
Your transformation is almost over.
The hobgoblin hits you with an orcish club.
You die...

#. #.##
..>. ..#
####..# #
##.#.#.##.#
#.........#
##.#.#<##.#
#....g@...#
##.#)#.####
......#
#.#.#.#..
...#.#.###.
.## #.#.# .
....# .....
....


You could see a hobgoblin.

Vanquished Creatures
  3 adders (D:2)
  A giant gecko (D:1)
  An orc (D:3)
  4 giant cockroaches (D:2)
  5 goblins
  7 hobgoblins
  3 quokkas (D:2)
  A ball python (D:1)
  9 bats
  3 giant newts
  7 kobolds
  6 rats
50 creatures vanquished.

Notes
Turn   | Place    | Note
--------------------------------------------------------------
     0 | D:1      | Malachi, the Draconian Transmuter, began the quest for the Orb.
     0 | D:1      | Reached XP level 1. HP: 16/16 MP: 1/1
   200 | D:1      | Reached XP level 2. HP: 23/23 MP: 3/3
   210 | D:1      | Learned a level 2 spell: Sticks to Snakes
  1128 | D:2      | Reached XP level 3. HP: 21/28 MP: 4/4
  1133 | D:2      | Learned a level 3 spell: Spider Form
  1677 | D:2      | Reached skill level 4 in Unarmed Combat
  1711 | D:2      | Found a sparkling altar of Nemelex Xobeh.
  1866 | D:2      | Reached XP level 4. HP: 16/35 MP: 4/6
  2025 | D:2      | Found a glowing golden altar of the Shining One.
  2271 | D:3      | Slain by a hobgoblin

Action                   |  1- 3 |  4- 6 || total
-------------------------+-------+-------++-------
Melee: Unarmed           |   205 |    25 ||   230
 Cast: Beastly Appendage |     5 |     1 ||     6
  Use: Scroll            |     7 |       ||     7
